 Dungeon Crawl Stone Soup version 0.28-a0-957-g42eb19b844 (webtiles) character file.

Game seed: 13191299362045215050

2527 croobank the Cleaver (level 9, 0/62 HPs)
             Began as an Octopode Monk on Nov 30, 2021.
             Was an Elder of Okawaru.
             Slain by a killer bee (9 damage)
             ... on level 7 of the Dungeon on Dec 1, 2021.
             The game lasted 01:17:47 (9723 turns).

croobank the Cleaver (Octopode Monk)                Turns: 9723, Time: 01:17:48

Health: 0/62       AC:  1    Str: 11 (14) XL:     9   Next: 54%
Magic:  11/11      EV: 14    Int: 12 (13) God:    Okawaru [****..]
Gold:   379        SH:  0    Dex: 14      Spells: 3/12 levels left

rFire   . . .      SeeInvis .   a - +2 hand axe (flame)
rCold   + . .      Faith    .   (no shield)
rNeg    . . .      Spirit   .   (helmet restricted)
rPois   +          Reflect  .   s - amulet of magic regeneration
rElec   .          Harm     .   g - ring of poison resistance
rCorr   .          Rampage  .   q - ring of protection from cold
Will    .....                   (no ring)
Stlth   ++++......              (no ring)
HPRegen 0.20/turn               (no ring)
MPRegen 0.52/turn               (no ring)
                                (no ring)
                                (no ring)

@: mighty, lethally poisoned (0 -> -7)
A: almost no armour, amphibious, 8 rings, camouflage 1, gelatinous body 1,
(nimble swimmer 1), tentacles, deterioration 2, low mp 1
a: Renounce Religion, Heroism, Finesse


You were on level 7 of the Dungeon.
You worshipped Okawaru.
Okawaru was greatly pleased with you.
You visited 2 branches of the dungeon, and saw 8 of its levels.

You collected 379 gold pieces.

Inventory:

Hand Weapons
 a - a +2 hand axe of flaming (weapon)
 b - a +0 hunting sling of flaming
 e - a +2 dagger of venom
 j - a +0 short sword of venom
 n - a +0 dagger of draining
 o - a +0 glaive
Missiles
 d - 141 arrows
 f - 237 stones (quivered)
 h - 69 bolts
 m - 5 boomerangs
 A - 13 poisoned darts
Jewellery
 g - a ring of poison resistance (left tentacle)
 q - a ring of protection from cold (right tentacle)
 s - an amulet of magic regeneration (around mantle)
Wands
 t - a wand of paralysis (9)
Scrolls
 c - 2 scrolls of amnesia
 i - a scroll of enchant armour
 k - 3 scrolls of immolation
 r - a scroll of fog
 w - a scroll of teleportation
 y - a scroll of blinking
Potions
 u - a potion of berserk rage {unknown}
 v - a potion of haste {unknown}
 x - 2 potions of flight {unknown}
 z - a potion of brilliance


   Skills:
 - Level 6.3 Fighting
 - Level 8.5 Axes
 - Level 3.6 Dodging
 - Level 4.9 Stealth
 - Level 2.3 Spellcasting
 - Level 3.7 Hexes
 - Level 2.4 Translocations
 + Level 4.2 Fire Magic


You had 3 spell levels left.
You knew the following spells:

 Your Spells              Type           Power      Damage    Failure   Level
a - Blink                 Tloc           14%        N/A       14%         2
b - Slow                  Hex            40%        N/A       5%          1
c - Confusing Touch       Hex            10%        N/A       17%         3
d - Inner Flame           Hex/Fire       11%        N/A       16%         3

Your spell library contained the following spells:

 Spells                   Type           Power      Damage    Failure   Level
 Foxfire                  Conj/Fire      24%        2x1d5     11%         1
 Portal Projectile        Hex/Tloc       16%        N/A       22%         3
 Lesser Beckoning         Tloc           7%         N/A       28%         3
 Conjure Flame            Conj/Fire      6%         6-21      32%         3
 Flame Wave               Conj/Fire      6%         2d4       73%         4
 Leda's Liquefaction      Hex/Erth       2%         N/A       77%         4
 Manifold Assault         Tloc           7%         N/A       95%         5
 Yara's Violent Unravell  Hex/Tmut       2%         3d3       98%         5
 Borgnjor's Vile Clutch   Necr/Erth      0%         N/A       100%        5
 Iron Shot                Conj/Erth      0%         9d1       100%        6
 Lehudib's Crystal Spear  Conj/Erth      0%         10d2      100%        8
 Call Canine Familiar     Summ           Unusable   N/A       N/A         3

Dungeon Overview and Level Annotations

Branches:
Dungeon (7/15)             Temple (1/1) D:4

Altars:
Ashenzari
Cheibriados
Dithmenos
Elyvilon
Fedhas
Gozag
Hepliaklqana
Kikubaaqudgha
Makhleb
Nemelex Xobeh
Okawaru
Ru
Sif Muna
Uskayaw
Vehumet
Wu Jian
Xom
Yredelemnul
Zin
The Shining One

Annotations:
D:4 2 transporters, Splishie's ghost, weakling GnWn


Innate Abilities, Weirdness & Mutations

You cannot wear most types of armour.
You are amphibious.
You can wear up to eight rings at the same time.
Your skin changes colour to match your surroundings (Stealth+).
Your rubbery body absorbs attacks. (AC +1, EV +1)
((You are camouflaged near water. (Stealth+)))
You have tentacles for arms and can constrict up to eight enemies at once.
Your body often deteriorates upon taking damage.
Your magical capacity is low. (-10% MP)


Message History

* * * LOW HITPOINT WARNING * * *
You feel sick. The killer bee closely misses you. x2
* * * LOW HITPOINT WARNING * * *
You feel sick.
The killer bee stings you but does no damage.
You feel better. The killer bee stings you.
* * * LOW HITPOINT WARNING * * *
An orc wizard comes into view. It is wielding a +0 dagger.
The killer bee stings you.
* * * LOW HITPOINT WARNING * * *
You feel better. The killer bee stings you!
* * * LOW HITPOINT WARNING * * *
Your body deteriorates!
You feel weakened.
You are lethally poisoned!
The killer bee poisons you! The killer bee barely misses you.
You feel better. The killer bee barely misses you. The killer bee stings you.
* * * LOW HITPOINT WARNING * * *
The orc wizard shouts!
You slash the killer bee! You burn the killer bee.
Your grab misses the killer bee. Your squeeze misses the killer bee.
The killer bee is almost dead.
The orc is no longer moving slowly.
The killer bee stings you.
* * * LOW HITPOINT WARNING * * *
You miss the killer bee. You grab the killer bee.
The killer bee is almost dead.
You constrict the killer bee. The killer bee stings you.
* * * LOW HITPOINT WARNING * * *
You are poisoned.
The killer bee poisons you! The killer bee barely misses you.
You closely miss the killer bee.
The killer bee is almost dead.
You constrict the killer bee.
You kill the killer bee!
Okawaru accepts your kill. Okawaru grants you ammunition!
Something appears before you!
* * * LOW HITPOINT WARNING * * *
You feel very sick. The killer bee stings you!
You die...

...#.# ###.#
#..#.# #...#
#..#.#
#...####
#..#.#######
#...'...
#..#.......#
#...####
#..#.....#.#
#...#
#..<.###.#
#...# #
#.######.#
##### #
#...@yy.o# #
#######o.# #
.# # # # # #
# # #


You could see 2 killer bees, an orc wizard and an orc.

Vanquished Creatures
  Duvessa (D:4)
  3 black bears
  4 sky beasts
  2 orc warriors
  An ogre (D:5)
  A phantom (D:2)
  2 bullfrogs
  5 scorpions
  Dowan (D:4)
  A water moccasin skeleton (D:6)
  9 killer bees (D:7)
  A bullfrog zombie (D:7)
  An orc priest (D:4)
  2 centaur zombies
  2 jellies
  A bullfrog skeleton (D:7)
  A hound (D:4)
  A gnoll shaman (D:6)
  An iguana (D:4)
  3 orc wizards (D:4)
  A howler monkey zombie (D:7)
  3 gnolls (D:6)
  6 adders
  An ufetubus (D:6)
  2 adder skeletons (D:4)
  4 worms
  2 dart slugs
  18 orcs
  4 ball pythons
  8 bats
  7 endoplasms
  4 goblins
  7 hobgoblins
  6 jackals
  3 quokkas
  2 frilled lizards
  12 kobolds
  6 rats
139 creatures vanquished.

Notes
Turn   | Place    | Note
-------+----------+-------------------------------------------
     0 | D:1      | croobank the Octopode Monk began the quest for the Orb.
     0 | D:1      | Reached XP level 1. HP: 16/16 MP: 1/1
   190 | D:1      | Reached XP level 2. HP: 13/21 MP: 2/2
   397 | D:1      | Got Totoam's Volume of Stones
  1007 | D:1      | Reached XP level 3. HP: 26/26 MP: 3/3
  1461 | D:2      | Noticed a phantom
  1462 | D:2      | Reached XP level 4. HP: 32/32 MP: 4/4
  2086 | D:2      | Killed a phantom
  2087 | D:2      | Reached skill level 4 in Axes
  2087 | D:2      | Reached XP level 5. HP: 12/37 MP: 5/5
  2507 | D:3      | Found a hazy altar of Hepliaklqana.
  2799 | D:3      | Noticed an ice beast
  3884 | D:4      | Found a transporter.
  3885 | D:4      | Noticed Splishie's ghost (weakling GnWn)
  3886 | D:4      | Found a transporter.
  3957 | D:4      | Learned a level 2 spell: Blink
  4018 | D:4      | Found a staircase to the Ecumenical Temple.
  4024 | D:4      | Reached XP level 6. HP: 43/43 MP: 6/6
  4076 | Temple   | Entered the Ecumenical Temple
  4168 | Temple   | Became a worshipper of Warmaster Okawaru
  4168 | Temple   | Reached * piety under Okawaru
  4168 | Temple   | Reached ** piety under Okawaru
  4411 | D:4      | Noticed Duvessa
  4412 | D:4      | Noticed Dowan
  4429 | D:4      | Killed Duvessa
  4430 | D:4      | Reached skill level 1 in Spellcasting
  4624 | D:4      | Killed Dowan
  4713 | D:4      | Learned a level 1 spell: Slow
  4930 | D:4      | Reached XP level 7. HP: 40/45 MP: 8/10
  4989 | D:4      | Reached skill level 1 in Hexes
  5334 | D:5      | Entered Level 5 of the Dungeon
  5392 | D:4      | Gained mutation: Your magical capacity is low. (-10% MP)
                  | [potion of mutation]
  5392 | D:4      | Gained mutation: Your body sometimes deteriorates upon
                  | taking damage. [potion of mutation]
  5392 | D:4      | Gained mutation: Your body often deteriorates upon taking
                  | damage. [potion of mutation]
  5832 | D:5      | Reached skill level 5 in Axes
  5928 | D:4      | Reached XP level 8. HP: 20/54 MP: 7/10
  6229 | D:5      | Identified the +10 trident "Ger Eshu" {holy, rCorr}
  6643 | D:5      | Reached skill level 6 in Axes
  7066 | D:5      | Reached *** piety under Okawaru
  7067 | D:5      | Reached skill level 5 in Fighting
  7954 | D:6      | Reached skill level 7 in Axes
  8095 | D:6      | Found a hide-covered altar of Uskayaw.
  8125 | D:6      | Found a burning altar of Makhleb.
  8261 | D:6      | Reached XP level 9. HP: 56/62 MP: 11/11
  8331 | D:6      | Reached skill level 8 in Axes
  8673 | D:7      | Reached **** piety under Okawaru
  8978 | D:7      | Learned a level 3 spell: Confusing Touch
  9008 | D:7      | Reached skill level 1 in Fire Magic
  9305 | D:7      | Learned a level 3 spell: Inner Flame
  9723 | D:7      | Received a gift from Okawaru
  9723 | D:7      | Slain by a killer bee

Illustrated notes

Levels and vault maps discovered:
D:1:      grunt_arrival_lava_bath, layout_rooms, st_stairs_2, nicolae_wormholes
D:2:      layout_loops_ring, hangedman_decor_push,
          amcnicky_mini_corridor_feature, grunt_decor_junction,
          kennysheep_generic_room_15
D:3:      layout_basic, mainiacjoe_overflow_small_starburst
D:4:      layout_loops_cross, minmay_temple_entry_glass,
          gammafunk_ghost_mausoleum, amcnicky_mini_rare_corridor_liquid,
          hangedman_feature_mirror, skrybe_limestone_x, guppyfry_early_orc_mine,
          uniq_duvessa
D:5:      layout_cave_pools, serial_bayou_pond_e, dk_noncrumbling_2,
          chequers_garden
D:6:      layout_loops_ring, nicolae_overflow_squiral
D:7:      layout_basic
Temple:   mainiacjoe_temple_coin_purse

Skill      XL: |  1  2  3  4  5  6  7  8  9 |
---------------+----------------------------+-----
Stealth        | 3 4 |  4.9
Axes           | 4 5 7 8 |  8.5
Fighting       | 4 5 6 |  6.3
Spellcasting   | 2 |  2.3
Translocations | 2 |  2.4
Hexes          | 3 |  3.7
Fire Magic     | 4 |  4.2
Dodging        | |  3.6

Action                   |  1- 3 |  4- 6 |  7- 9 || total
-------------------------+-------+-------+-------++-------
Melee: Hand axe          |    64 |   119 |   193 ||   376
       Tentacles         |    17 |    20 |    49 ||    86
       Constrict         |    19 |    23 |    41 ||    83
       Punch             |       |       |     1 ||     1
       Unarmed           |       |       |     4 ||     4
 Fire: Hunting sling     |       |       |     5 ||     5
Throw: Stone             |       |       |     2 ||     2
 Cast: Slow              |       |       |    44 ||    44
       Blink             |       |       |     8 ||     8
       Inner Flame       |       |       |     4 ||     4
       Confusing Touch   |       |       |     2 ||     2
Invok: Heroism           |       |       |     4 ||     4
  Use: Scroll            |     1 |     8 |     8 ||    17
       Potion            |       |     2 |     8 ||    10
 Stab: Sleeping          |    10 |    15 |     5 ||    30
       Distracted        |     1 |       |       ||     1
       Confused          |       |       |     1 ||     1
Armor: Skin              |     8 |     7 |     8 ||    23
Dodge: Dodged            |    39 |    66 |   162 ||   267

Table legend: (Time is in decaauts)
 A = Elapsed time spent in this place.
 B = Non-inter-level travel time spent in this place.
 C = Inter-level travel time spent in this place.
 D = Time resting spent in this place.
 E = Time spent auto-exploring this place.
 F = Levels seen in this place.
 G = Mean time per level.
                   A        B        C        D        E       F      G
               +--------+--------+--------+--------+--------+-----+--------+
         Total |   9735 |   9609 |    126 |   3197 |   4271 |   8 | 1216.9 |
       Dungeon |   9590 |   9471 |    119 |   3197 |   4161 |   7 | 1370.0 |
        Temple |    144 |    137 |      7 |      0 |    110 |   1 |  144.0 |
               +--------+--------+--------+--------+--------+-----+--------+

Top non-repeatable levels by time:
     D:4: 2154 daAuts
     D:7: 1586 daAuts
     D:2: 1467 daAuts
     D:3: 1229 daAuts
     D:1: 1098 daAuts
     D:6: 1061 daAuts
     D:5: 993 daAuts
  Temple: 144 daAuts
